 Dungeon Crawl Stone Soup version 0.21.1-1-g345015fe64 (webtiles) character file.

955 Evaline the Magician (level 7, -4/52 HPs)
             Began as a Black Draconian Wizard on June 13, 2018.
             Was a Follower of Sif Muna.
             Slain by an orc warrior
             ... wielding a +0 short sword
              (15 damage)
             ... on level 6 of the Dungeon.
             The game lasted 01:23:00 (7555 turns).

Evaline the Magician (Black Draconian Wizard)       Turns: 7555, Time: 01:23:01

Health: -4/52      AC:  9    Str: 10    XL:     7   Next: 91%
Magic:  1/15       EV: 12    Int: 20    God:    Sif Muna [*.....]
Gold:   344        SH:  0    Dex:  9    Spells: 4/17 levels left

rFire    + . .     SeeInvis .   a - +1 short sword (speed)
rCold    . . .     Gourm    .   (no shield)
rNeg     . . .     Faith    .   (armour unavailable)
rPois    .         Spirit   .   e - +1 hat
rElec    +         Reflect  .   (no cloak)
rCorr    .         Harm     .   (no gloves)
MR       .....                  u - +1 pair of boots
Stlth    ++........             (no amulet)
HPRegen  0.17/turn              w - ring of protection from fire
MPRegen  0.14/turn              (no ring)

@: very slightly contaminated
A: breathe lightning, unfitting armour, electricity resistance, cold-blooded, AC
+6
a: Breathe Lightning, Divine Energy, Renounce Religion


You were on level 6 of the Dungeon.
You worshipped Sif Muna.
Sif Muna was aware of your devotion.
You were near starving.

You visited 1 branch of the dungeon, and saw 6 of its levels.
You also visited: Ossuary.

You collected 344 gold pieces.

Inventory:

Hand Weapons
 a - a +1 short sword of speed (weapon)
 b - a +1 whip
 r - a +0 shortbow
Missiles
 i - 165 stones
 j - 13 tomahawks (quivered)
 p - 7 javelins
 q - 13 poisoned needles
 y - 9 arrows
 B - 15 sling bullets
Armour
 e - a +1 hat (worn)
 u - a +1 pair of boots (worn)
Jewellery
 w - a ring of protection from fire (left hand)
Wands
 g - a wand of digging (11)
Scrolls
 c - 2 scrolls of enchant armour
 k - 4 scrolls of teleportation
 m - 2 scrolls of enchant weapon
 v - 2 scrolls of immolation
 A - 2 scrolls of vulnerability {unknown}
Potions
 d - 2 potions of ambrosia
 f - a potion of lignification
 h - a potion of berserk rage
 n - 4 potions of heal wounds
 s - 3 potions of magic
 t - 2 potions of resistance
 x - 3 potions of curing
 z - a potion of invisibility {unknown}
 C - 2 potions of haste {unknown}
Books
 o - a book of Minor Magic

   Spells                             Type                      Level
   a - Magic Dart                     Conjuration                  1
   b - Blink                          Translocation                2
   c - Call Imp                       Summoning                    2
   d - Slow                           Hexes                        2
   e - Conjure Flame                  Conjuration/Fire             3
   f - Mephitic Cloud                 Conjuration/Poison/Air       3
Comestibles
 l - 10 rations


   Skills:
 + Level 1.1 Fighting
   Level 0.1 Polearms
 + Level 2.7 Dodging
 - Level 3.0 Stealth
 + Level 5.5 Spellcasting
 * Level 3.3 Conjurations
 * Level 2.6 Hexes
 - Level 3.1 Summonings
 * Level 2.4 Translocations
 + Level 0.1 Fire Magic
 - Level 1.2 Air Magic
 - Level 1.0 Poison Magic


You had 4 spell levels left.
You knew the following spells:

 Your Spells              Type           Power        Failure   Level  Hunger
a - Magic Dart            Conj           ###.         2%          1    None
b - Conjure Flame         Conj/Fire      ##......     16%         3    ##.....
c - Call Imp              Summ           ###.....     4%          2    None
d - Mephitic Cloud        Conj/Pois/Air  ##......     16%         3    ##.....
e - Slow                  Hex            ###.....     5%          2    None
f - Blink                 Tloc           N/A          6%          2    None


Dungeon Overview and Level Annotations

Branches:
Dungeon (6/15)             Temple (0/1) D:5

Altars:
Cheibriados
Kikubaaqudgha
Nemelex Xobeh
Sif Muna

Annotations:
D:6 Eustachio


Innate Abilities, Weirdness & Mutations

You can breathe wild blasts of lightning.
Your glossy black scales are hard. (AC +6)
You cannot fit into any form of body armour.
You are resistant to electric shocks. (rElec)
You are cold-blooded and may be slowed by cold attacks.


Message History

Aim: an orc warrior, wielding a short sword and wearing a chain mail (almost dead, chance to defeat MR: 53%)
Okay, then.
Casting: Slow
Confirm with . or Enter, or press ? or * to list all spells.
Aiming: Mephitic Cloud
Press: ? - help, Shift-Dir - straight line, f/p - orc warrior
Aim: an orc warrior, wielding a short sword and wearing a chain mail (almost dead) That beam is likely to hit you.
Continue anyway?
Okay, then.
Casting: Mephitic Cloud
Confirm with . or Enter, or press ? or * to list all spells.
Aiming: Mephitic Cloud
Press: ? - help, Shift-Dir - straight line, f/p - orc warrior
Aim: an orc warrior, wielding a short sword and wearing a chain mail (almost dead) That beam is likely to hit you.
Continue anyway?
You miscast Mephitic Cloud.
You are very lightly contaminated with residual magic.
Wisps of smoke drift from your hands.
The orc warrior hits you with a short sword!
You die...

#.# #.# #.# #.# #.#
####.###.##
#>##.........######
#.#..######........
.###.#..#.@o.#o#######
...$...)###ol#..#
.###....l.)l.#oo#
.$.....)###((#5.####
######..#....#.[...#
##.######o.##..#
#....5oco.(...#
#.##.##o#.###.#
#.##.##.#.#


You could see an orc warrior, an iguana, an orc and a leopard gecko.

Vanquished Creatures
  An ice beast (D:5)
  An ogre (D:5)
  A centaur (D:5)
  An elf zombie (Ossuary)
  A scorpion (D:4)
  A hound (D:5)
  An orc wizard (D:5)
  A jelly (D:4)
  A centaur skeleton (D:4)
  An iguana (D:5)
  2 big kobold zombies (Ossuary)
  A hound skeleton (D:5)
  4 mummies (Ossuary)
  An adder (D:5)
  2 adder skeletons (D:5)
  2 worms
  3 dart slugs
  9 orcs
  2 ball pythons (D:4)
  7 bats
  4 giant cockroaches
  A gnoll zombie (Ossuary)
  10 goblins
  9 hobgoblins
  4 jackals
  3 quokkas
  6 frilled lizards
  3 goblin zombies
  A hobgoblin zombie (Ossuary)
  5 kobolds
  A kobold zombie (Ossuary)
  A leopard gecko skeleton (D:4)
  5 rats
96 creatures vanquished.

Vanquished Creatures (collateral kills)
  A centaur (D:6)
  A big kobold (D:4)
  A bullfrog (D:2)
  2 hounds (D:4)
  5 orc wizards
  An iguana (D:5)
  A worker ant (D:4)
  A hound zombie (Ossuary)
  5 adders
  A worm (D:2)
  6 orcs
  3 jackals (D:2)
  A goblin zombie (Ossuary)
  A hobgoblin zombie (Ossuary)
  A quokka zombie (D:6)
31 creatures vanquished.

Vanquished Creatures (others)
  A hound zombie (Ossuary)
1 creature vanquished.

Grand Total: 128 creatures vanquished

Notes
Turn   | Place    | Note
-------+----------+-------------------------------------------
     0 | D:1      | Evaline the Draconian Wizard began the quest for the Orb.
     0 | D:1      | Reached XP level 1. HP: 14/14 MP: 4/4
   181 | D:1      | Reached XP level 2. HP: 17/20 MP: 0/6
   587 | D:1      | Learned a level 2 spell: Slow
   590 | D:1      | Learned a level 2 spell: Blink
   593 | D:1      | Learned a level 2 spell: Call Imp
   712 | D:2      | Reached XP level 3. HP: 16/26 MP: 1/8
  1200 | D:2      | Found an ancient bone altar of Kikubaaqudgha.
  1331 | D:2      | Noticed a bullfrog
  2102 | D:2      | Reached XP level 4. HP: 33/33 MP: 4/9
  2318 | D:2      | Killed a bullfrog
  2616 | D:3      | Found a snail-covered altar of Cheibriados.
  2690 | D:3      | Reached skill level 1 in Hexes
  2690 | D:3      | Reached XP level 5. HP: 38/38 MP: 5/10
  2749 | D:3      | Reached skill level 4 in Spellcasting
  2873 | D:3      | Learned a level 3 spell: Mephitic Cloud
  3454 | D:4      | Found a sparkling altar of Nemelex Xobeh.
  3937 | D:4      | Found a deep blue altar of Sif Muna.
  3940 | D:4      | Became a worshipper of Sif Muna the Loreminder
  3976 | D:4      | Reached XP level 6. HP: 46/46 MP: 4/12
  4450 | D:5      | Entered Level 5 of the Dungeon
  4507 | D:5      | Noticed an ice beast
  4607 | D:5      | Reached skill level 1 in Poison Magic
  4812 | D:5      | Reached skill level 1 in Air Magic
  4960 | D:5      | Found a staircase to the Ecumenical Temple.
  5739 | D:5      | Your scales start taking on a glossy black colour.
  5739 | D:5      | Reached XP level 7. HP: 51/51 MP: 0/14
  5739 | D:5      | Gained mutation: You are resistant to electric shocks. (rElec) [Black Draconian growth]
  5920 | D:5      | Reached skill level 5 in Spellcasting
  6679 | D:6      | Noticed Eustachio
  6835 | D:6      | Found a sand-covered staircase.
  6842 | Ossuary  | Entered an ossuary
  7118 | Ossuary  | Learned a level 3 spell: Conjure Flame
  7245 | Ossuary  | Reached * piety under Sif Muna
  7245 | Ossuary  | Reached skill level 1 in Fighting
  7555 | D:6      | Slain by an orc warrior

Skill      XL: |  1  2  3  4  5  6  7 |
---------------+----------------------+-----
Stealth        | 2 3 |  3.0
Conjurations   | 2 3 |  3.3
Translocations | 2 |  2.4
Hexes          | 1 2 |  2.6
Dodging        | 2 |  2.7
Spellcasting   | 4 5 |  5.5
Summonings     | 2 3 |  3.1
Poison Magic   | 1 |  1.0
Air Magic      | 1 |  1.2
Fighting       | 1 |  1.1
Polearms       | |  0.1
Fire Magic     | |  0.1

Action                   |  1- 3 |  4- 6 |  7- 9 || total
-------------------------+-------+-------+-------++-------
Melee: Whip              |    45 |       |       ||    45
       Tailslap          |     5 |     5 |    22 ||    32
       Short sword       |     7 |    27 |   129 ||   163
       Spear             |    81 |   136 |       ||   217
Throw: Stone             |     2 |       |       ||     2
       Tomahawk          |       |     2 |     7 ||     9
 Cast: Magic Dart        |    93 |    71 |    27 ||   191
       Call Imp          |     6 |    71 |    38 ||   115
       Slow              |     1 |     6 |     7 ||    14
       Conjure Flame     |       |       |     6 ||     6
       Blink             |       |       |     2 ||     2
       Mephitic Cloud    |       |       |     1 ||     1
  Use: Scroll            |     6 |    10 |     2 ||    18
 Stab: Sleeping          |     3 |     4 |       ||     7
  Eat: Chunk             |     4 |    11 |       ||    15
       Ration            |       |     1 |     1 ||     2
Armor: Skin              |    52 |    68 |    64 ||   184
Dodge: Dodged            |   137 |   106 |    86 ||   329
